AoeStats
← Aaronmuros

Arabia

511103190Analyzed
1v1 RM · 6h ago on Oct 3, 2026· 50m 45s· 2 players
Game mode
Random Map
Map size
Tiny (2 player)
Population
200
Speed
Normal
Resources
Standard
Victory
Conquest
Starting age
Dark Age
Ending age
Imperial Age
RankedLock teamsTeams togetherTeam positionsShared explorationLock speedFull tech treeHidden civsTurbo modeCheats
Victory
Defeat
🇪🇸 Spanish · Spain
904
+33
🇪🇸 Spanish · Spain
888
-15
Aaronmuros
7:26 Loom
9:51 Feudal Age
22:13 Castle Age
20:21 Double-Bit Axe
21:29 Padded Archer Armor
22:54 Stone Mining
23:16 Scale Barding Armor
23:35 Gold Mining
23:59 Bow Saw
24:47 Forging
27:01 Light Cavalry
32:07 Bloodlines
33:21 Husbandry
34:22 Pikeman
36:05 Squires
36:58 Horse Collar
38:16 Scale Mail Armor
39:54 Chain Barding Armor
39:59 Chain Mail Armor
40:30 Leather Archer Armor
41:44 Elite Skirmisher
42:18 Fletching
44:35 Thumb Ring
48:22 Imperial Age
46:39 Ballistics
47:43 Bodkin Arrow
48:31 Halberdier
49:59 Plate Mail Armor
50:01 Ring Archer Armor
Pitofloro
10:23 Feudal Age
11:06 Double-Bit Axe
16:25 Horse Collar
23:18 Castle Age
22:07 Stone Mining
22:39 Gold Mining
23:49 Bloodlines
24:44 Bow Saw
24:39 Heavy Plow
29:34 Scale Mail Armor
29:53 Husbandry
33:28 Scale Barding Armor
33:39 Chain Mail Armor
33:35 Forging
36:11 Chain Barding Armor
40:23 Imperial Age
40:58 Iron Casting
40:36 Elite Conquistador
40:43 Cavalier
43:24 Two-Man Saw
43:18 Ballistics
43:06 Siphons
43:06 Onager
44:52 Plate Barding Armor
45:08 Paladin
Connection lost

Rejoining the realm…

Still unreachable

The connection could not be restored.

Session expired

The server has moved on; the page needs a fresh start.